 Dungeon Crawl Stone Soup version 0.26.1-11-gd32895ea62 (webtiles) character file.

Game seed: 16659354654048667704

247 sankara the Shooter (level 5, -6/42 HPs)
             Began as a Minotaur Hunter on May 13, 2021.
             Mangled by a gnoll
             ... wielding a +0 flail
              (12 damage)
             ... on level 3 of the Dungeon.
             The game lasted 00:06:13 (3245 turns).

sankara the Shooter (Minotaur Hunter)               Turns: 3245, Time: 00:06:14

Health: -6/42      AC:  5    Str: 17    XL:     5   Next: 85%
Magic:  4/4        EV: 12    Int:  8    God:
Gold:   67         SH:  0    Dex: 11    Spells: 4/4 levels left

rFire    . . .     SeeInvis .   a - +1 shortbow
rCold    . . .     Faith    .   (shield currently unavailable)
rNeg     . . .     Spirit   .   c - +0 leather armour
rPois    .         Reflect  .   (helmet restricted)
rElec    .         Harm     .   (no cloak)
rCorr    .         Rampage  .   n - +0 pair of gloves
Will     .....                  j - +0 pair of boots
Stlth    +.........             (no amulet)
HPRegen  0.14/turn              (no ring)
MPRegen  0.09/turn              (no ring)

@: no status effects
A: retaliatory headbutt, horns 2
a: no special abilities


You were on level 3 of the Dungeon.
You visited 1 branch of the dungeon, and saw 3 of its levels.

You collected 67 gold pieces.

Inventory:

Hand Weapons
 a - a +1 shortbow (weapon)
 b - a +0 short sword
Missiles
 d - 16 arrows (quivered ammo)
 g - 66 stones
 k - 57 sling bullets
Armour
 c - a +0 leather armour (worn)
 j - a +0 pair of boots (worn)
 n - a +0 pair of gloves (worn)
Jewellery
 t - an uncursed ring of protection from cold {unknown}
Wands
 v - a wand of digging (5)
Scrolls
 e - 3 scrolls of immolation {unknown}
 h - 2 scrolls of teleportation {unknown}
 i - a scroll of amnesia {unknown}
 o - a scroll of identify {unknown}
 u - a scroll of remove curse {unknown}
Potions
 f - 2 potions of haste {unknown}
 l - 5 potions of curing {unknown}
 m - a potion of lignification {unknown}
 p - a potion of invisibility {unknown}
 q - a potion of magic {unknown}
 r - 2 potions of brilliance {unknown}
 s - a potion of attraction {unknown}


   Skills:
 - Level 2.4 Fighting
 + Level 7.9 Bows
 - Level 2.1 Dodging
 - Level 0.7 Stealth


You had 4 spell levels left.
You didn't know any spells.
Your spell library was empty.

Dungeon Overview and Level Annotations

Branches:
Dungeon (3/15)

Altars:
Yredelemnul
The Shining One


Innate Abilities, Weirdness & Mutations

You reflexively headbutt those who attack you in melee.
You have a pair of horns on your head.


Message History

The gnoll hits you from afar with a +0 spear.
* * * LOW HITPOINT WARNING * * *
Fire: 19 arrows
Press: ? - help, Q - select action, (/) - cycle Shift-Dir - straight line, f/p - gnoll
Aim: a gnoll, wielding a +0 spear (almost dead, 65% to hit)
You shoot an arrow. The arrow hits the gnoll.
You kill the gnoll!
Unknown command.
Fire: 18 arrows
Press: ? - help, Q - select action, (/) - cycle Shift-Dir - straight line, f - gnoll
Aim: a gnoll, wielding a +0 flail (65% to hit)
You shoot an arrow. The arrow closely misses the gnoll.
Found a stone staircase leading down.
Fire: 17 arrows
Press: ? - help, Q - select action, (/) - cycle Shift-Dir - straight line, f/p - gnoll
Aim: a gnoll, wielding a +0 flail (65% to hit)
You shoot an arrow. The arrow hits the gnoll.
The gnoll is moderately wounded.
The gnoll hits you with a +0 flail!
You die...

###########.######### #######...
#....##............># .
..♣♣................#
.♣♣P♣##..........###
...P♣♣##.........# #.......
#...P♣♣♣.........# #.......
#♣P...P♣♣........# #.......
#♣♣...P♣.......g####+####.......
♣............@#.#.....#.. ....
♣♣PP............#.#...#.# #.#
♣♣♣.♣.............)#.#.###.#
###..............#.......##
######.........##..#....#
#.........##..#.##..
#.###..##.##.....##.
#.###...#.##........
#.##.........#.##...


You could see a gnoll.

Vanquished Creatures
  An orc priest (D:3)
  An orc wizard (D:2)
  Jessica (D:3)
  An iguana (D:3)
  7 gnolls
  An adder (D:2)
  An ooze (D:1)
  A worm (D:3)
  2 dart slugs
  A leopard gecko (D:3)
  3 orcs
  8 bats
  7 giant cockroaches
  3 goblins
  2 hobgoblins
  2 jackals (D:1)
  5 kobolds
  2 quokkas
  4 frilled lizards
  3 rats
56 creatures vanquished.

Notes
Turn   | Place    | Note
-------+----------+-------------------------------------------
     0 | D:1      | sankara the Minotaur Hunter began the quest for the Orb.
     0 | D:1      | Reached XP level 1. HP: 18/18 MP: 0/0
   213 | D:1      | Reached XP level 2. HP: 25/25 MP: 1/1
   225 | D:1      | Reached skill level 5 in Bows
   582 | D:1      | Reached XP level 3. HP: 10/30 MP: 2/2
   731 | D:1      | HP: 1/30 [gnoll/+0 flail (9)]
  1220 | D:2      | Reached skill level 6 in Bows
  1721 | D:2      | Reached XP level 4. HP: 26/37 MP: 3/3
  2081 | D:3      | Noticed a +0 hand axe
  2082 | D:3      | Noticed a +0 dagger
  2387 | D:3      | Noticed Jessica
  2643 | D:2      | Reached skill level 7 in Bows
  2643 | D:2      | Reached XP level 5. HP: 33/42 MP: 4/4
  2901 | D:3      | Killed Jessica
  3147 | D:3      | Found a basalt altar of Yredelemnul.
  3149 | D:3      | Noticed a profane servitor
  3160 | D:3      | Found a glowing golden altar of the Shining One.
  3162 | D:3      | Noticed an angel
  3210 | D:3      | HP: 1/42 [gnoll/+0 spear (2)]
  3245 | D:3      | Mangled by a gnoll

Illustrated notes

Levels and vault maps discovered:
D:1:      ncdulo_halloftheorcs, layout_rooms
D:2:      layout_basic
D:3:      layout_rooms, grunt_temple_overflow_holy_war, dancing_weapons_uskayaw,
          serial_forest, infiniplex_forest_zigzag_1, infiniplex_forest_diagonal,
          infiniplex_forest_end_double, infiniplex_forest_end_3,
          infiniplex_forest_lined_room_, infiniplex_forest_clump_tiny,
          infiniplex_forest_corner_1, infiniplex_forest_lined_corner,
          led_xom_imps, uniq_jessica

Skill      XL: |  1  2  3  4 |
---------------+-------------+-----
Bows           | 5 6 7 |  7.9
Fighting       | |  2.4
Dodging        | |  2.1
Stealth        | |  0.7

Action                   |  1- 3 |  4- 6 || total
-------------------------+-------+-------++-------
Melee: Short sword       |    77 |    55 ||   132
       Headbutt          |    16 |     6 ||    22
 Fire: Shortbow          |       |    33 ||    33
Throw: Stone             |     1 |       ||     1
 Stab: Sleeping          |     1 |     1 ||     2
Armor: Leather armour    |    28 |    22 ||    50
Dodge: Dodged            |    62 |    59 ||   121
